 Dungeon Crawl Stone Soup version 0.29-a0-323-g050149af67 (webtiles) character file.

Game seed: 8117347513852305359

672 spaghetti the Ruffian (level 7, -5/78 HPs)
             Began as a Demonspawn Fighter on Apr 11, 2022.
             Was a Follower of Okawaru.
             Slain by Edmund
             ... wielding a +1 flail of protection
              (16 damage)
             ... on level 5 of the Dungeon.
             The game lasted 00:06:12 (4819 turns).

spaghetti the Ruffian (Demonspawn Fighter)          Turns: 4819, Time: 00:06:12

Health: -5/78      AC:  8    Str: 19    XL:     7   Next: 32%
Magic:  7/7        EV:  9    Int: 15    God:    Okawaru [*.....]
Gold:   186        SH:  4    Dex: 12    Spells: 6/6 levels left

rFire   . . .      SeeInvis .     - Unarmed
rCold   . . .      Faith    +   b - +0 buckler
rNeg    . . .      Spirit   .   a - +0 scale mail
rPois   .          Reflect  .   (no helmet)
rElec   .          Harm     .   (no cloak)
rCorr   .          Rampage  .   (no gloves)
Will    .....                   (no boots)
Stlth   ..........              x - amulet of faith {!P}
HPRegen 0.23/turn               N - +6 ring of intelligence
MPRegen 0.10/turn               (no ring)

@: berserking (expiring), studying Poison Magic, very quick
A: molten scales 1, (demonic guardian 1), spiny 3, weakness stinger 1
a: Renounce Religion, Heroism


You were on level 5 of the Dungeon.
You worshipped Okawaru.
Okawaru was aware of your devotion.
You visited 2 branches of the dungeon, and saw 6 of its levels.

You collected 186 gold pieces.


Innate Abilities, Weirdness & Mutations

You are partially covered in molten scales. (AC +2)
((A weak demonic guardian rushes to your aid.))
You are completely covered in sharp spines.
You have a small tail.


   Skills:
 - Level 3.0 Fighting
 - Level 2.6 Armour
 - Level 2.6 Shields
 + Level 7.6 Unarmed Combat


You had 6 spell levels left.
You didn't know any spells.
Your spell library contained the following spells:

 Spells                   Type           Power      Damage    Failure   Level
 Slow                     Hex            0%         N/A       73%         1
 Confusing Touch          Hex            0%         N/A       97%         3
 Gell's Gravitas          Tloc           0%         N/A       97%         3
 Inner Flame              Hex/Fire       0%         N/A       97%         3
 Lesser Beckoning         Tloc           0%         N/A       97%         3
 Teleport Other           Tloc           0%         N/A       97%         3
 Anguish                  Hex/Necr       0%         N/A       100%        4
 Discord                  Hex            0%         N/A       100%        8

Inventory:

Hand Weapons
 c - a +0 club {mace}
   (You took it off a goblin on level 2 of the Dungeon)
 e - a +0 spear {polearm}
   (You found it on level 1 of the Dungeon)
 f - a +0 dagger {short}
   (You took it off a goblin on level 2 of the Dungeon)
 i - a +0 club {mace}
   (You took it off a goblin on level 2 of the Dungeon)
 j - a +0 club {mace}
   (You took it off a kobold on level 2 of the Dungeon)
 n - a +0 spear {polearm}
   (You found it on level 2 of the Dungeon)
 q - a +0 club {mace}
   (You took it off a kobold on level 2 of the Dungeon)
 r - a +0 short sword {short}
   (You took it off a kobold on level 2 of the Dungeon)
 s - a +0 dagger {short}
   (You found it on level 2 of the Dungeon)
 t - a +0 club {mace}
   (You took it off a goblin on level 2 of the Dungeon)
 u - a +0 hunting sling {sling}
   (You took it off a goblin on level 2 of the Dungeon)
Missiles
 h - 167 stones (quivered) {throwing}
 l - 5 javelins {throwing}
 D - 7 boomerangs {throwing}
 E - 5 atropa-tipped darts {throwing}
 L - 2 poisoned darts {throwing}
 P - a curare-tipped dart {=fthrowing}
Armour
 a - a +0 scale mail (worn)
 b - a +0 buckler (worn)
Magical Staves
 B - a staff of fire {!astaff}
   (You found it on level 1 of the Dungeon)
Jewellery
 x - an amulet of faith (around neck) {!P}
   (You found it on level 1 of the Dungeon)
 N - a +6 ring of intelligence (left hand)
   (You found it on level 4 of the Dungeon)
Wands
 J - a wand of acid (5)
   (You found it on level 4 of the Dungeon)
Scrolls
 g - 2 scrolls of blinking {unknown}
 m - 4 scrolls of teleportation {unknown}
 o - a scroll of magic mapping {unknown}
 v - a scroll of amnesia {unknown}
 y - 2 scrolls of enchant armour {unknown}
 A - 3 scrolls of immolation {unknown}
 H - 2 scrolls of fear {unknown}
 K - a scroll of brand weapon {unknown}
Potions
 k - 5 potions of heal wounds {@q2}
 p - 2 potions of lignification {!q}
 w - 2 potions of haste {@q3}
 C - 3 potions of curing {unknown}
 F - 4 potions of brilliance {unknown}
 G - 2 potions of degeneration {unknown}
 O - a potion of resistance

Dungeon Overview and Level Annotations

Branches:
Dungeon (5/15)             Temple (1/1) D:5

Altars:
Ashenzari
Cheibriados
Dithmenos
Fedhas
Gozag
Hepliaklqana
Kikubaaqudgha
Makhleb
Okawaru
Qazlal
Ru
Sif Muna
Trog
Uskayaw
Vehumet
Wu Jian
Xom
Zin
The Shining One

Shops:
D:1 !

Annotations:
D:3 2 transporters, Ichabod's ghost, amateur TrGl
D:5 Edmund

###....##### #.##.###.## ..#...##
#........#
.......##############......###
..#.#......................#
###.#..♣♣♣...♣♣♣...♣♣♣.....######
#.#.♣# ♣# #♣.♣# ♣.......... #.#.♣
♣.♣ ♣..>.###### #...♣ #♣.♣#
#♣....## #.... ♣@..♣♣♣......##
..#.. .......@............##
...>.. ♣...♣♣♣...♣♣♣......).#
...... #♣ #♣.♣# #♣.......# ♣♣♣
♣.......### #♣.........#
♣♣.....<..#)# .......)..#..
♣♣........##)


You could see Edmund (berserk).


Message History

You see here a river rat corpse.
Key pressed, stopping explore.
C - 3 red potions (gained 1)
An iguana comes into view.
The iguana hisses angrily.
The iguana hisses menacingly.
You block the iguana's attack.
You closely miss the iguana.
The iguana hisses menacingly.
The iguana closely misses you.
You punch the iguana!
You tail-slap the iguana, but do no damage.
The iguana is struck by your spines.
You kill the iguana!
Okawaru accepts your kill.
You can now gain great but temporary skills.
Key pressed, stopping explore.
A hound comes into view.
The hound barks!
A hound is nearby!
You hit the hound but do no damage. The hound barely misses you.
You hit the hound. You block the hound's attack.
Edmund the Younger comes into view.
He is wielding a +1 flail of protection.
The hound is struck by your spines. The hound bites you but does no damage.
You barely miss the hound.
Edmund shouts!
The hound bites you but does no damage.
You barely miss the hound. The hound bites you. 😕 HP[-2]
You take 2 damage, and now have 50/52 hp.
You barely miss the hound. The hound completely misses you.
Edmund drinks a potion.
Edmund goes berserk!
The hound is struck by your spines.
You kill the hound!
Okawaru accepts your kill.
Edmund hits you with a +1 flail of protection!
You see here a hound corpse. 😕 HP[-8]
You take 8 damage, and now have 42/52 hp.
You hit Edmund.
Edmund hits you with a +1 flail of protection!
Edmund barely misses you. 😮 HP[-9]
You take 9 damage, and now have 33/52 hp.
Really quaff
z - a potion of berserk rage {!q}?
A red film seems to cover your vision as you go berserk!
You feel yourself moving faster!
You feel mighty! You block Edmund's attack. 😮 HP[+18]
You now have 78 max hp (+26).
You regained 18 hp, and now have 51/78 hp.
Edmund is nearby!
Okay, then.
You barely miss Edmund. You tail-slap Edmund, but do no damage.
Edmund is struck by your spines.
Edmund hits you with a +1 flail of protection. 😮 HP[-2]
You take 2 damage, and now have 49/78 hp.
You barely miss Edmund. You block Edmund's attack.
Edmund hits you with a +1 flail of protection. 😮 HP[-6]
You take 6 damage, and now have 43/78 hp.
You hit Edmund. You hit Edmund.
Edmund hits you with a +1 flail of protection!
* * * LOW HITPOINT WARNING * * *
😨 HP[-8]
You take 8 damage, and now have 35/78 hp.
You closely miss Edmund.
Edmund hits you with a +1 flail of protection.
* * * LOW HITPOINT WARNING * * *
😨 HP[-5]
You take 5 damage, and now have 30/78 hp.
You barely miss Edmund. You tail-slap Edmund.
Edmund hits you but does no damage. 😨 HP[+1]
You punch Edmund! You tail-slap Edmund, but do no damage.
Edmund hits you with a +1 flail of protection.
* * * LOW HITPOINT WARNING * * *
😨 HP[-6]
You take 6 damage, and now have 25/78 hp.
You hit Edmund.
Edmund hits you with a +1 flail of protection.
* * * LOW HITPOINT WARNING * * *
😨 HP[-3]
You take 3 damage, and now have 22/78 hp.
Unknown command.
You punch Edmund! Edmund closely misses you.
You barely miss Edmund. You hit Edmund but do no damage.
Your tail-slap misses Edmund.
Edmund is struck by your spines.
Edmund hits you with a +1 flail of protection!
* * * LOW HITPOINT WARNING * * *
😱 HP[-11]
You take 11 damage, and now have 11/78 hp.
Unknown command.
You punch Edmund! Edmund is struck by your spines. Edmund barely misses you.
You completely miss Edmund.
Edmund hits you with a +1 flail of protection!
You die...

Skill      XL: |  1  2  3  4  5  6 |
---------------+-------------------+-----
Unarmed Combat | 2 3 4 6 7 |  7.6
Fighting       | |  3.0
Armour         | |  2.6
Shields        | |  2.6

Action                   |  1- 3 |  4- 6 |  7- 9 || total
-------------------------+-------+-------+-------++-------
Melee: Unarmed           |   146 |    58 |    40 ||   244
       Tailslap          |     8 |     6 |     5 ||    19
  Use: Potion            |     2 |     3 |     1 ||     6
       Scroll            |       |     4 |       ||     4
Armor: Scale mail        |    53 |    21 |    10 ||    84
Dodge: Dodged            |    60 |    20 |     7 ||    87
Block: Buckler           |    29 |     9 |     8 ||    46

Levels and vault maps discovered:
D:1:      minmay_arrival_stair_chambers, layout_basic,
          chequers_ecumenical_altar_simple, serial_shops, shop
D:2:      layout_basic
D:3:      layout_basic, gammafunk_ghost_mausoleum,
          amcnicky_mini_rare_corridor_liquid, kennysheep_generic_room_11
D:4:      layout_rooms, mainiacjoe_overflow_chevrons, nicolae_vehumet_radiance,
          minmay_manual_macuahuitl
D:5:      layout_rooms, minmay_temple_entry_ruins, gup_sewer_entry_bubbles,
          minmay_stone_trees_large, uniq_edmund
Temple:   minmay_crystal_spiral_temple

Notes
Turn   | Place    | Note
-------+----------+-------------------------------------------
     0 | D:1      | spaghetti the Demonspawn Fighter began the quest for the
                  | Orb.
     0 | D:1      | Reached XP level 1. HP: 18/18 MP: 1/1
     0 | D:1      | magus.rc [v1.9.6]
    71 | D:1      | You fall into a shaft and drop 1 floor!
    86 | D:2      | HP: 3/18 [quokka (3)]
   360 | D:2      | Reached skill level 2 in Unarmed Combat
   500 | D:2      | Gained mutation: You have a small tail. [demonic ancestry]
   500 | D:2      | Reached XP level 2. HP: 21/24 MP: 2/2
  1068 | D:2      | Reached skill level 3 in Unarmed Combat
  1374 | D:1      | Found Zaink's Distillery.
  1397 | D:1      | Gained mutation: You are partially covered in sharp spines.
                  | [demonic ancestry]
  1397 | D:1      | Reached XP level 3. HP: 21/29 MP: 3/3
  2018 | D:1      | Found a faded altar of an unknown god.
  2137 | D:3      | Noticed a sky beast
  2154 | D:2      | Killed a sky beast
  2155 | D:2      | Reached skill level 4 in Unarmed Combat
  2155 | D:2      | Gained mutation: You are mostly covered in sharp spines.
                  | [demonic ancestry]
  2155 | D:2      | Reached XP level 4. HP: 17/35 MP: 4/4
  2155 | D:2      | Gained mutation: A weak demonic guardian rushes to your
                  | aid. [demonic ancestry]
  2155 | D:2      | Reached XP level 5. HP: 19/41 MP: 5/5
  2471 | D:3      | Reached skill level 5 in Unarmed Combat
  2579 | D:3      | You add the spells Slow, Confusing Touch, Inner Flame,
                  | Anguish and Discord to your library.
  2579 | D:3      | Got the Collected Works on the Oath
  2682 | D:3      | You pick up a book of Displacement and begin reading...
  2682 | D:3      | You add the spells Lesser Beckoning, Gell's Gravitas and
                  | Teleport Other to your library.
  2720 | D:3      | Found a transporter.
  2799 | D:3      | Noticed Ichabod's ghost (amateur TrGl)
  2838 | D:3      | Found a transporter.
  3166 | D:4      | Found a radiant altar of Vehumet.
  3269 | D:4      | Noticed an ice beast
  3277 | D:4      | Killed an ice beast
  3278 | D:4      | Reached skill level 6 in Unarmed Combat
  3278 | D:4      | Gained mutation: You are partially covered in molten
                  | scales. (AC +2) [demonic ancestry]
  3278 | D:4      | Reached XP level 6. HP: 37/47 MP: 6/6
  3650 | D:5      | Entered Level 5 of the Dungeon
  3822 | D:5      | Found a staircase to the Ecumenical Temple.
  3832 | Temple   | Entered the Ecumenical Temple
  4195 | Temple   | Became a worshipper of Warmaster Okawaru
  4394 | D:4      | Reached skill level 7 in Unarmed Combat
  4394 | D:4      | Gained mutation: You are completely covered in sharp
                  | spines. [demonic ancestry]
  4394 | D:4      | Reached XP level 7. HP: 43/52 MP: 7/7
  4748 | D:5      | Reached * piety under Okawaru
  4800 | D:5      | Noticed Edmund
  4817 | D:5      | HP: 11/78 [Edmund/+1 flail of protection (11)]
  4819 | D:5      | Slain by Edmund

Vanquished Creatures
  A sky beast (D:2)
  An ice beast (D:4)
  A kobold brigand (D:4)
  A necrophage (D:5)
  A scorpion (D:4)
  3 hounds
  An iguana (D:5)
  2 orc wizards (D:5)
  3 adders
  2 river rats (D:5)
  A shadow imp (D:5)
  2 worms
  A dart slug (D:4)
  6 orcs
  3 endoplasms
  4 giant cockroaches
  9 goblins
  3 hobgoblins
  2 jackals (D:3)
  4 quokkas
  5 ball pythons
  5 bats
  A frilled lizard (D:1)
  12 kobolds
  7 rats
81 creatures vanquished.

Table legend:
 A = Non-vault XP
 B = Vault XP
 C = Vault XP percentage of total XP
 D = Non-vault monster count
 E = Vault monster count
 F = Vault count percentage of total count
                 A         B        C        D         E       F
            +---------+---------+-------+---------+---------+-------
      Total |     622 |     339 |  35.3 |      66 |      15 |  18.5
            +---------+---------+-------+---------+---------+-------
        D:1 |      28 |       0 |   0.0 |      17 |       0 |   0.0
        D:2 |     174 |       0 |   0.0 |      22 |       0 |   0.0
        D:3 |      31 |       0 |   0.0 |       9 |       0 |   0.0
        D:4 |     132 |     292 |  68.9 |       9 |       8 |  47.1
        D:5 |     257 |      47 |  15.5 |       9 |       7 |  43.8
            +---------+---------+-------+---------+---------+-------

Illustrated notes

Table legend:
 A = Kills in this place as a percentage of kills in entire the game.
 B = Kills by you in this place as a percentage of kills by you in the entire game.
 C = Kills by friends in this place as a percentage of kills by friends in the entire game.
 D = Other kills in this place as a percentage of other kills in the entire game.
 E = Experience gained in this place as a percentage of experience gained in the entire game.
 F = Experience gained in this place divided by the number of levels of this place that you have seen.
                   A       B       C       D       E      F
               +-------+-------+-------+-------+-------+----------------------
         Total | 100.0 | 100.0 |   N/A |   N/A | 100.0 | 160.2
       Dungeon | 100.0 | 100.0 |   N/A |   N/A | 100.0 | 192.2
               +-------+-------+-------+-------+-------+----------------------

Table legend: (Time is in decaauts)
 A = Elapsed time spent in this place.
 B = Non-inter-level travel time spent in this place.
 C = Inter-level travel time spent in this place.
 D = Time resting spent in this place.
 E = Time spent auto-exploring this place.
 F = Levels seen in this place.
 G = Mean time per level.
                   A        B        C        D        E       F      G
               +--------+--------+--------+--------+--------+-----+--------+
         Total |   4836 |   4625 |    211 |   1198 |   2810 |   6 |  806.0 |
       Dungeon |   4447 |   4321 |    126 |   1021 |   2701 |   5 |  889.4 |
        Temple |    388 |    303 |     85 |    177 |    109 |   1 |  388.0 |
               +--------+--------+--------+--------+--------+-----+--------+

Top non-repeatable levels by time:
     D:2: 1456 daAuts
     D:4: 957 daAuts
     D:1: 853 daAuts
     D:3: 602 daAuts
     D:5: 577 daAuts
  Temple: 388 daAuts
